 Dungeon Crawl Stone Soup version 0.19.4 (webtiles) character file.

160 empire the Skirmisher (level 5, -4/48 HPs)
             Began as a Minotaur Fighter on Feb 3, 2017.
             Slain by Natasha (8 damage)
             ... on level 3 of the Dungeon.
             The game lasted 00:02:46 (1733 turns).

empire the Skirmisher (Minotaur Fighter)            Turns: 1733, Time: 00:02:46

Health: -4/48      AC:  7    Str: 26    XL:     5   Next: 17%
Magic:  4/4        EV:  7    Int:  5    God:
Gold:   88         SH: 10    Dex: 10    Spells: 0 memorised, 4 levels left

rFire  . . .     SeeInvis .     a - +0 long sword
rCold  . . .     Gourm    .     b - +0 scale mail
rNeg   . . .     Faith    .     c - +0 shield
rPois  +         Spirit   .     (helmet restricted)
rElec  .         Reflect  .     (no cloak)
rCorr  .         Harm     .     (no gloves)
MR     .....                    (no boots)
Stlth  ..........               (no amulet)
                                (no ring)
                                j - ring of poison resistance

@: mighty
A: retaliatory headbutt, horns 2
a: no special abilities


You were on level 3 of the Dungeon.
You were not hungry.

You visited 1 branch of the dungeon, and saw 3 of its levels.

You collected 88 gold pieces.

Inventory:

Hand Weapons
 a - a +0 long sword (weapon)
Armour
 b - a +0 scale mail (worn)
 c - a +0 shield (worn)
Jewellery
 j - a ring of poison resistance (left hand)
Scrolls
 e - 2 scrolls of noise {unknown}
 g - a scroll of amnesia {unknown}
 i - 2 scrolls of remove curse {unknown}
 m - a scroll of teleportation {unknown}
 n - a scroll of magic mapping {unknown}
 p - a scroll of identify {unknown}
Potions
 h - a potion of magic {unknown}
 k - a potion of ambrosia {unknown}
Comestibles
 f - 6 bread rations
 l - 2 chunks of flesh
 o - 2 beef jerkies


   Skills:
 + Level 5.2 Fighting
 + Level 3.9 Long Blades
 + Level 4.3 Armour
 + Level 4.4 Shields


You had 4 spell levels left.
You didn't know any spells.

Dungeon Overview and Level Annotations

Branches:
Dungeon (3/15)

Altars:
Okawaru

Annotations:
D:3 Natasha


Innate Abilities, Weirdness & Mutations

You reflexively headbutt those who attack you in melee.
You have a pair of horns on your head.


Message History

Natasha barely misses you.
You miss Natasha. Natasha claws you but does no damage.
You hit Natasha but do no damage. Your headbutt misses Natasha.
Natasha zaps a wand.
The puff of flame hits you!
* * * LOW HITPOINT WARNING * * *
Natasha barely misses you. You furiously retaliate!
You headbutt Natasha, but do no damage. You miss Natasha.
Your headbutt misses Natasha.
Natasha zaps a wand.
The puff of flame hits you!
You feel very mighty all of a sudden.
Natasha extends her claws.
You block Natasha's attack.
You barely miss Natasha. You headbutt Natasha.
Natasha is heavily wounded.
Natasha claws you!
* * * LOW HITPOINT WARNING * * *
You closely miss Natasha.
Natasha is heavily wounded.
Natasha claws you!
You die...

#. .......#.### #.#
................# ..
...%............# #.
...............# #.
.......#..#...###.
########............#...
.......h...#......#.....
#..@...........)....
#.........)..((((.##
..........#..)...#...#
.........#............#
.............#..#...###
......###..........##
###### ##.......###
#########


You could see Natasha.

Vanquished Creatures
  Natasha (twice) (D:3)
  3 adders (D:2)
  An ooze (D:1)
  A worm (D:2)
  A dart slug (D:2)
  A leopard gecko (D:1)
  2 orcs (D:3)
  2 ball pythons
  9 bats
  5 giant cockroaches
  8 goblins
  12 hobgoblins
  3 jackals (D:1)
  6 kobolds
  5 frilled lizards
  7 rats
68 creatures vanquished.

Notes
Turn   | Place    | Note
-------+----------+-------------------------------------------
     0 | D:1      | empire the Minotaur Fighter began the quest for the Orb.
     0 | D:1      | Reached XP level 1. HP: 19/19 MP: 0/0
    94 | D:1      | Reached skill level 4 in Fighting
    94 | D:1      | Reached XP level 2. HP: 24/27 MP: 1/1
   199 | D:1      | Found an iron altar of Okawaru.
   216 | D:1      | Reached XP level 3. HP: 23/34 MP: 2/2
  1102 | D:2      | Reached XP level 4. HP: 41/41 MP: 3/3
  1167 | D:2      | Reached skill level 5 in Fighting
  1498 | D:3      | Noticed Natasha
  1507 | D:3      | Killed Natasha
  1687 | D:3      | Noticed Natasha
  1703 | D:3      | Killed Natasha
  1703 | D:3      | Reached XP level 5. HP: 21/48 MP: 4/4
  1721 | D:3      | Noticed Natasha
  1733 | D:3      | Slain by Natasha

Skill      XL: |  1  2  3  4 |
---------------+-------------+-----
Fighting       | 4 5 |  5.2
Shields        | 4 |  4.4
Long Blades    | 3 |  3.9
Armour         | 4 |  4.3

Action                   |  1- 3 |  4- 6 || total
-------------------------+-------+-------++-------
Melee: Long sword        |   102 |    81 ||   183
       Headbutt          |    16 |    13 ||    29
  Use: Potion            |       |     2 ||     2
  Eat: Chunk             |     1 |     2 ||     3
Armor: Scale mail        |    59 |    30 ||    89
Dodge: Dodged            |    46 |    23 ||    69
Block: Shield            |    72 |    56 ||   128
       Rpst.: Long sword |    13 |     7 ||    20
